 Dungeon Crawl Stone Soup version 0.32-a0-42-ga30500b4d3 (webtiles) character file.

Game seed: 12567184085831763801

15787 pokeman the Eclecticist (level 12, -17/68 HPs)
             Began as a Deep Elf Hedge Wizard on Jan 31, 2024.
             Was a High Priest of Vehumet.
             Shot with an arrow by a centaur warrior (18 damage)
             ... on level 11 of the Dungeon.
             The game lasted 00:35:30 (12210 turns).

pokeman the Eclecticist (Deep Elf Hedge Wizard)    Turns: 12210, Time: 00:35:31

Health: -17/68     AC:  9    Str:  7    XL:     12   Next: 4%
Magic:  18/43      EV: 12    Int: 25    God:    Vehumet [*****.]
Gold:   384        SH:  0    Dex: 14    Spells: 12/44 levels left

rFire   . . .        D - +2 spear (venom)
rCold   + . .        (no shield)
rNeg    . . .        z - +3 leather armour
rPois   .            v - +0 helmet
rElec   .            (no cloak)
rCorr   .            y - +0 pair of gloves
SInv    .            (no boots)
Will    +....        F - amulet of magic regeneration
Stlth   ++           U - ring of magical power
HPRegen 0.31/turn    b - ring of protection from cold
MPRegen 0.68/turn

%: no passive effects
@: no status effects
A: no striking features
a: Renounce Religion


You were on level 11 of the Dungeon.
You worshipped Vehumet.
Vehumet was extremely pleased with you.
You visited 2 branches of the dungeon, and saw 12 of its levels.
You also visited: Sewer and Bailey.

You collected 492 gold pieces.
You spent 108 gold pieces at shops.

Inventory:

Hand Weapons
 D - a +2 spear of venom (weapon)
Missiles
 q - 4 curare-tipped darts
 E - a throwing net
Armour
 v - a +0 helmet (worn)
 y - a +0 pair of gloves (worn)
 z - a +3 leather armour (worn)
Magical Staves
 c - a staff of earth
 Q - a staff of air
Jewellery
 b - a ring of protection from cold (right hand)
 g - a +4 ring of slaying
 F - an amulet of magic regeneration (around neck)
 L - a ring of protection from fire
 R - an amulet of reflection
 U - a ring of magical power (left hand)
Wands
 p - a wand of flame (20)
 w - a wand of digging (4)
 B - a wand of acid (18)
 J - a wand of charming (17)
 S - a wand of roots (5)
 T - a wand of mindburst (6)
Scrolls
 f - 12 scrolls of identify {unknown}
 j - 2 scrolls of revelation {unknown}
 k - 3 scrolls of silence {unknown}
 m - 5 scrolls of blinking {unknown}
 o - 3 scrolls of teleportation {unknown}
 s - a scroll of fog {unknown}
 t - 2 scrolls of noise {unknown}
 A - a scroll of poison {unknown}
 N - a scroll of vulnerability {unknown}
 O - a scroll of fear {unknown}
 P - 2 scrolls of immolation {unknown}
Potions
 a - 4 potions of heal wounds
 d - 2 potions of magic
 e - 10 potions of curing
 h - 2 potions of mutation {unknown}
 i - a potion of degeneration {unknown}
 l - 3 potions of berserk rage {unknown}
 n - 2 potions of might {unknown}
 r - a potion of experience {unknown}
 u - 2 potions of lignification {unknown}
 x - a potion of brilliance {unknown}
 C - 2 potions of attraction {unknown}
 G - 2 potions of haste {unknown}
 H - a potion of ambrosia {unknown}
 I - 3 potions of enlightenment {unknown}
 K - a potion of cancellation {unknown}
 M - a potion of resistance {unknown}


   Skills:
 + Level 5.1 Fighting
 - Level 5.0 Armour
 - Level 3.2 Dodging
 - Level 3.1 Stealth
 * Level 16.5 Spellcasting
 + Level 9.8 Conjurations
 - Level 1.1 Summonings
 - Level 1.1 Translocations
 + Level 8.7 Fire Magic
 - Level 1.2 Ice Magic
 - Level 1.0 Air Magic
 - Level 1.0 Earth Magic
 - Level 1.0 Alchemy
 - Level 1.0 Evocations


You had 12 spell levels left.
You knew the following spells:

 Your Spells              Type           Power      Damage    Failure   Level
a - Magic Dart            Conj           100%       1d8       1%          1
b - Mephitic Cloud        Conj/Alch/Air  40%        N/A       1%          3
c - Call Imp              Summ           52%        N/A       3%          2
d - Blink                 Tloc           52%        N/A       3%          2
e - Foxfire               Conj/Fire      100%       2x1d9     1%          1
f - Fireball              Conj/Fire      30%        3d13      1%          5
g - Stone Arrow           Conj/Erth      94%        3d12      1%          3
h - Freezing Cloud        Conj/Ice/Air   20%        6-21      5%          5
i - Starburst             Conj/Fire      30%        6d9       3%          6
j - Ignite Poison         Fire/Alch      45%        N/A       1%          4

Your spell library contained the following spells:

 Spells                   Type           Power      Damage    Failure   Level
 Brom's Barrelling Bould  Conj/Erth      47%        2d6       1%          4
 Dazzling Flash           Conj/Hex       90%        N/A       1%          3
 Volatile Blastmotes      Fire/Tloc      90%        2d17      1%          3
 Apportation              Tloc           52%        N/A       2%          1
 Slow                     Hex            80%        N/A       3%          1
 Cigotuvi's Dreadful Rot  Necr/Alch/Air  48%        N/A       4%          2
 Jinxbite                 Hex            40%        N/A       5%          2
 Confusing Touch          Hex            20%        N/A       11%         3
 Sigil of Binding         Hex            20%        N/A       11%         3
 Tukima's Dance           Hex            20%        N/A       11%         3
 Vampiric Draining        Necr           20%        2d7       11%         3
 Yara's Violent Unravell  Hex/Alch       11%        3d6       21%         5
 Passage of Golubria      Tloc           26%        N/A       22%         4
 Vhi's Electric Charge    Tloc/Air       52%        N/A       22%         4
 Alistair's Intoxication  Alch           16%        N/A       54%         5
 Silence                  Hex/Air        11%        N/A       63%         5
 Curse of Agony           Necr           20%        N/A       69%         5
 Maxwell's Capacitive Co  Air            12%        ∞         100%        8


Dungeon Overview and Level Annotations

Branches:
Dungeon (11/15)            Temple (1/1) D:4            Lair (0/5) D:8
    Orc (0/2) D:9           Sewer (visited)          Bailey (visited)

Altars:
Ashenzari
Cheibriados
Dithmenos
Elyvilon
Fedhas
Gozag
Hepliaklqana
Kikubaaqudgha
Makhleb
Nemelex Xobeh
Okawaru
Qazlal
Ru
Sif Muna
Trog
Uskayaw
Vehumet
Wu Jian
Xom
Yredelemnul
Zin
The Shining One

Shops:
D:8 [   D:11 !


Message History

Casting: Starburst (dangerous; 3% risk of failure)
Confirm with . or Enter, or press ? or * to list all spells.
Aiming: Fireball (dangerous; 1% risk of failure)
Press: ? - help, Shift-Dir - straight line The fireball explodes!
The fireball engulfs the vampire mosquito!!
The vampire mosquito is heavily damaged.
The vampire mosquito is engulfed in a cloud of scalding steam.
The vampire mosquito closely misses you.
The vampire mosquito is engulfed in a cloud of scalding steam.
The vampire mosquito bites you.
* * * LOW HITPOINT WARNING * * *
The vampire mosquito draws strength from your injuries!
Casting: Fireball (dangerous; 1% risk of failure)
Confirm with . or Enter, or press ? or * to list all spells.
Aiming: Fireball (dangerous; 1% risk of failure)
Press: ? - help, Shift-Dir - straight line The fireball explodes!
The fireball engulfs the vampire mosquito!
The vampire mosquito is almost destroyed.
The vampire mosquito is engulfed in a cloud of scalding steam.
The vampire mosquito bites you.
* * * LOW HITPOINT WARNING * * *
The vampire mosquito draws strength from your injuries!
The vampire mosquito is engulfed in a cloud of scalding steam.
The vampire mosquito bites you!
* * * LOW HITPOINT WARNING * * *
The vampire mosquito draws strength from your injuries!
Casting: Fireball (dangerous; 1% risk of failure)
Confirm with . or Enter, or press ? or * to list all spells.
Aiming: Fireball (dangerous; 1% risk of failure)
Press: ? - help, Shift-Dir - straight line The fireball explodes!
The fireball engulfs the vampire mosquito!
You destroy the vampire mosquito!
Vehumet accepts your kill.
You feel your power returning.
The centaur warrior wields a +0 orcbow.
The centaur warrior shoots an arrow.
The arrow hits you!!
You die...

##.................
..
.#...c.##...#.......
.........#..###...#.
...)........##.....#
.....##...........#
####.~~§###.P.. ..
###~.....§§######
.........§§~#
#~....?@...##
############


You could see a centaur warrior.

Vanquished Creatures
  A two-headed ogre (D:9)
  A fire crab (D:8)
  A deep troll (D:10)
  3 cyclopes
  A manticore (D:11)
  Joseph (D:8)
  A meliai (D:11)
  A gargoyle (Bailey)
  3 kobold demonologists
  An unseen horror (D:10)
  5 trolls
  A hornet (D:8)
  A shadow (D:11)
  2 vampires
  8 yaks
  A ynoxinul (D:10)
  A wraith (D:11)
  4 wyverns
  2 vampire mosquitoes (D:11)
  2 steam dragons (D:7)
  Menkaure (D:6)
  An acid dragon (D:10)
  2 water moccasins
  5 orc warriors
  A black bear (D:6)
  3 ogres
  An ice beast (D:6)
  11 kobold brigands
  7 bullfrogs
  A gnoll sergeant (D:6)
  A scorpion (D:4)
  8 wights
  15 killer bees
  11 vampire bats
  4 howler monkeys
  5 wolf zombies (Bailey)
  2 jellies
  3 bombardier beetles
  8 orc priests
  A hound (D:6)
  A gnoll bouda (D:8)
  3 iguanas
  2 sleepcaps
  Terence (D:3)
  14 orc wizards
  Robin (D:3)
  16 gnolls
  9 adders
  4 river rats (Sewer)
  2 ufetubi (D:7)
  3 dart slugs
  2 ribbon worms
  40 orcs
  21 bats
  7 endoplasms
  7 giant cockroaches
  24 goblins
  5 hobgoblins
  3 jackals (D:1)
  2 quokkas
  7 ball pythons
  3 frilled lizards
  38 kobolds
  20 orc zombies (Bailey)
  8 rats
  A butterfly (D:8)
376 creatures vanquished.

Vanquished Creatures (collateral kills)
  Grinder (D:3)
1 creature vanquished.

Vanquished Creatures (others)
  A killer bee (D:11)
  471 foxfires
472 creatures vanquished.

Grand Total: 849 creatures vanquished

Notes
Turn   | Place    | Note
-------+----------+-------------------------------------------
     0 | D:1      | pokeman the Deep Elf Hedge Wizard began the quest for the
                  | Orb.
     0 | D:1      | Reached XP level 1. HP: 10/10 MP: 7/7
   181 | D:1      | Reached XP level 2. HP: 15/15 MP: 7/9
   683 | D:1      | Reached skill level 5 in Spellcasting
   898 | D:2      | Reached XP level 3. HP: 20/20 MP: 7/11
   907 | D:2      | Learned a level 3 spell: Mephitic Cloud
   910 | D:2      | Learned a level 2 spell: Call Imp
   913 | D:2      | Learned a level 2 spell: Blink
   993 | D:2      | Reached skill level 1 in Armour
  1293 | D:2      | Reached skill level 1 in Fighting
  1743 | D:3      | Reached XP level 4. HP: 20/25 MP: 7/13
  1780 | D:3      | Found a glowing drain.
  1923 | Sewer    | Entered a sewer
  2004 | Sewer    | Noticed a kobold brigand
  2026 | Sewer    | Killed a kobold brigand
  2027 | Sewer    | Reached skill level 6 in Spellcasting
  2027 | Sewer    | Reached XP level 5. HP: 21/29 MP: 12/15
  2182 | Sewer    | Reached skill level 1 in Evocations
  2323 | Sewer    | Reached skill level 1 in Alchemy
  2374 | Sewer    | Reached skill level 1 in Air Magic
  2450 | Sewer    | Reached XP level 6. HP: 10/34 MP: 13/17
  2735 | Sewer    | Reached skill level 7 in Spellcasting
  3149 | D:3      | Noticed Terence
  3161 | D:3      | Killed Terence
  3326 | D:3      | Noticed Grinder
  3354 | D:3      | Paralysed by Grinder for 5 turns
  3384 | D:3      | Killed Grinder
  3385 | D:3      | Reached skill level 8 in Spellcasting
  3385 | D:3      | Reached XP level 7. HP: 16/40 MP: 6/20
  3552 | D:3      | Noticed Robin
  3572 | D:3      | Killed Robin
  3956 | D:4      | Found a staircase to the Ecumenical Temple.
  3961 | Temple   | Entered the Ecumenical Temple
  3979 | Temple   | Became a worshipper of Vehumet
  4426 | D:4      | Found a shadowy altar of Dithmenos.
  4428 | D:4      | Found a blossoming altar of Fedhas.
  4507 | D:4      | Learned a level 4 spell: Ignite Poison
  4513 | D:4      | Learned a level 5 spell: Freezing Cloud
  4521 | D:4      | Noticed a wyvern
  4545 | D:4      | Reached skill level 1 in Earth Magic
  4752 | D:4      | Killed a wyvern
  4753 | D:4      | Reached skill level 1 in Fire Magic
  4753 | D:4      | Reached skill level 1 in Ice Magic
  5067 | D:4      | Reached skill level 9 in Spellcasting
  5067 | D:4      | Reached XP level 8. HP: 40/44 MP: 15/23
  5379 | D:5      | Entered Level 5 of the Dungeon
  5570 | D:4      | Reached * piety under Vehumet
  5570 | D:4      | Offered knowledge of Sting by Vehumet.
  5626 | D:4      | Reached skill level 5 in Conjurations
  6061 | D:5      | Reached skill level 10 in Spellcasting
  6564 | D:5      | Found a glowing golden altar of the Shining One.
  7063 | D:6      | Noticed Menkaure
  7071 | D:6      | Killed Menkaure
  7072 | D:6      | Reached XP level 9. HP: 28/49 MP: 17/25
  7292 | D:6      | Offered knowledge of Foxfire by Vehumet.
  7293 | D:6      | Reached ** piety under Vehumet
  7304 | D:6      | Learned a level 1 spell: Foxfire
  7366 | D:6      | Reached skill level 11 in Spellcasting
  7724 | D:7      | Found a flagged portal.
  7772 | Bailey   | Entered a bailey
  7967 | Bailey   | Reached skill level 12 in Spellcasting
  7970 | Bailey   | Reached skill level 5 in Fire Magic
  7974 | Bailey   | Offered knowledge of Stone Arrow by Vehumet.
  7985 | Bailey   | Learned a level 3 spell: Stone Arrow
  8060 | Bailey   | Reached *** piety under Vehumet
  8152 | Bailey   | Noticed a gargoyle
  8159 | Bailey   | Killed a gargoyle
  8186 | Bailey   | Reached XP level 10. HP: 56/56 MP: 22/28
  8298 | D:7      | Offered knowledge of Olgreb's Toxic Radiance by Vehumet.
  8349 | D:7      | Found a white marble altar of Elyvilon.
  8597 | D:7      | Learned a level 6 spell: Starburst
  8733 | D:7      | Reached skill level 13 in Spellcasting
  9255 | D:8      | Reached **** piety under Vehumet
  9311 | D:8      | Offered knowledge of Fireball by Vehumet.
  9318 | D:8      | Learned a level 5 spell: Fireball
  9495 | D:8      | Found a staircase to the Lair.
  9495 | D:8      | Noticed a fire crab
  9506 | D:8      | Killed a fire crab
  9648 | D:8      | Noticed Joseph
  9656 | D:8      | Killed Joseph
  9885 | D:8      | Reached skill level 14 in Spellcasting
  9919 | D:8      | Found a shimmering altar of Xom.
  9970 | D:8      | Found Kinwuw's Armour Shop.
 10162 | D:9      | Found a basalt altar of Yredelemnul.
 10162 | D:9      | Found an ornate altar of the Wu Jian Council.
 10317 | D:9      | Found a staircase to the Orcish Mines.
 10504 | D:9      | Noticed a two-headed ogre
 10509 | D:9      | Killed a two-headed ogre
 10510 | D:9      | Reached XP level 11. HP: 61/61 MP: 9/31
 10878 | D:10     | Entered Level 10 of the Dungeon
 10885 | D:10     | Noticed a deep troll
 10889 | D:10     | Killed a deep troll
 10890 | D:10     | Reached skill level 15 in Spellcasting
 10961 | D:10     | Reached skill level 5 in Armour
 11543 | D:10     | Found a shimmering blue altar of Sif Muna.
 11579 | D:10     | Got Sif Muna's Monograph on the Brume
 11584 | D:10     | Found a bloodstained altar of Trog.
 11843 | D:11     | Found Delinuwk's Distillery.
 11851 | D:11     | Bought a potion of curing for 36 gold pieces
 11851 | D:11     | Bought a potion of curing for 36 gold pieces
 11851 | D:11     | Bought a potion of curing for 36 gold pieces
 11990 | D:11     | Reached ***** piety under Vehumet
 12010 | D:11     | Offered knowledge of Brom's Barrelling Boulder by Vehumet.
 12012 | D:11     | Reached skill level 16 in Spellcasting
 12013 | D:11     | HP: 3/62 [orc/+0 trident (8)]
 12153 | D:11     | Reached skill level 5 in Fighting
 12194 | D:11     | Noticed a centaur warrior
 12202 | D:11     | Reached XP level 12. HP: 57/68 MP: 34/34
 12208 | D:11     | HP: 1/68 [vampire mosquito (10)]
 12210 | D:11     | Shot with an arrow by a centaur warrior

Illustrated notes

Levels and vault maps discovered:
D:1:      scummos_arrival_hexagon, layout_rooms
D:2:      layout_rooms
D:3:      layout_loops_ring, portal_sewer_entry_f, serial_park_tiny_1,
          grunt_ministairs_4, serial_bayou_lagoon_b, uniq_grinder, uniq_terence,
          uniq_robin
D:4:      layout_loops_ring, mainiacjoe_overflow_catwalk_spiral, temple_statues,
          chequers_serial_rivers_micro_a, lightli_corner_chamber
D:5:      layout_cave_pools, nicolae_tso_swordbearing_angel
D:6:      layout_loops_cross, uniq_menkaure
D:7:      layout_gridville, mainiacjoe_overflow_six_doors_small, enter_bailey_3,
          minmay_statues_item
D:8:      layout_loops_cross, xom_butterflies, minmay_lair_entry_lava,
          serial_glass, glass_columns_a, glass_columns_a,
          minmay_strange_pillars, serial_shops, kennysheep_mini, uniq_joseph
D:9:      hellmonk_ruined_rings, layout_irregular_city, jmf_multi_god_temple
D:10:     dreamdust_cave_troll, layout_long_grid,
          nzn_overflow_gifts_of_might_and_magic, roderic_batcave
D:11:     regret_index_early_branch_jog, layout_loops_corners, serial_shops,
          nicolae_shop_advertising_works [nicolae_subvault_shop_adworks],
          portal_ice_cave_demonic_guard
Temple:   hellmonk_temple_forest_ring

Skill      XL: |  1  2  3  4  5  6  7  8  9 10 11 |
---------------+----------------------------------+-----
Spellcasting   | 5 6 8 9 10 12 14 16 | 16.5
Armour         | 1 3 4 5 |  5.0
Fighting       | 1 2 4 5 |  5.1
Conjurations   | 2 3 4 5 7 8 9 |  9.8
Dodging        | 3 |  3.2
Stealth        | 3 |  3.1
Evocations     | 1 |  1.0
Alchemy        | 1 |  1.0
Air Magic      | 1 |  1.0
Earth Magic    | 1 |  1.0
Fire Magic     | 1 3 5 7 8 |  8.7
Ice Magic      | 1 |  1.2
Summonings     | |  1.1
Translocations | |  1.1

Action                     |  1- 3 |  4- 6 |  7- 9 | 10-12 || total
---------------------------+-------+-------+-------+-------++-------
  Melee: Dagger            |    16 |       |       |       ||    16
         Short sword       |     5 |    47 |    84 |       ||   136
         Spear             |       |       |    51 |    40 ||    91
         Punch             |       |       |     2 |       ||     2
   Cast: Magic Dart        |   109 |   121 |   175 |       ||   405
         Mephitic Cloud    |     1 |     6 |    32 |    11 ||    50
         Call Imp          |       |     2 |     1 |       ||     3
         Blink             |       |       |     6 |     2 ||     8
         Ignite Poison     |       |       |     3 |       ||     3
         Foxfire           |       |       |   161 |   119 ||   280
         Stone Arrow       |       |       |     4 |    29 ||    33
         Fireball          |       |       |       |    72 ||    72
         Freezing Cloud    |       |       |       |     3 ||     3
         Starburst         |       |       |       |    21 ||    21
  Evoke: Wand              |       |       |       |     1 ||     1
    Use: Potion            |       |     1 |       |       ||     1
   Stab: Sleeping          |     1 |       |       |       ||     1
         Confused          |       |     3 |    10 |     4 ||    17
 Armour: Robe              |    28 |    21 |    18 |       ||    67
         Leather armour    |       |       |   127 |    51 ||   178
  Dodge: Dodged            |    42 |    35 |   129 |    53 ||   259

Table legend: (Time is in decaauts)
 A = Elapsed time spent in this place.
 B = Non-inter-level travel time spent in this place.
 C = Inter-level travel time spent in this place.
 D = Time resting spent in this place.
 E = Time spent auto-exploring this place.
 F = Levels seen in this place.
 G = Mean time per level.
                   A        B        C        D        E       F      G
               +--------+--------+--------+--------+--------+-----+--------+
         Total |  12409 |  12188 |    221 |    939 |   8551 |  14 |  886.4 |
       Dungeon |  10550 |  10363 |    187 |    926 |   7214 |  11 |  959.1 |
        Temple |     36 |      2 |     34 |      0 |      0 |   1 |   36.0 |
         Sewer |   1317 |   1317 |      0 |      4 |   1112 |   1 | 1317.0 |
        Bailey |    504 |    504 |      0 |      9 |    225 |   1 |  504.0 |
               +--------+--------+--------+--------+--------+-----+--------+

Top non-repeatable levels by time:
     D:4: 2129 daAuts
   Sewer: 1317 daAuts
     D:3: 1141 daAuts
     D:7: 1051 daAuts
    D:10: 963 daAuts
     D:8: 956 daAuts
     D:1: 893 daAuts
     D:6: 836 daAuts
     D:9: 774 daAuts
     D:2: 734 daAuts
     D:5: 700 daAuts
  Bailey: 504 daAuts
    D:11: 368 daAuts
  Temple: 36 daAuts
